 Dungeon Crawl Stone Soup version 0.18.1-50-g88ac8fd (webtiles) character file.

51 plasmid the Insei (level 3, -1/18 HPs)
             Began as a Vine Stalker Transmuter on Oct 31, 2016.
             Slain by an adder (2 damage)
             ... on level 2 of the Dungeon.
             The game lasted 00:09:18 (963 turns).

plasmid the Insei (Vine Stalker Transmuter)          Turns: 963, Time: 00:09:19

Health: -1/18      AC:  2    Str: 12    XL:     3   Next: 81%
Magic:  0/7        EV: 12    Int: 13    God:
Gold:   18         SH:  0    Dex: 15    Spells: 1 memorised, 5 levels left

rFire  . . .     SeeInvis .       - Unarmed
rCold  . . .     Gourm    .     b - +0 robe
rNeg   . . .     Faith    .     (no shield)
rPois  .         Spirit   +     (no helmet)
rElec  .         Dismiss  .     (no cloak)
rCorr  .         Reflect  .     (no gloves)
SustAt .         Harm     .     (no boots)
MR     .....                    (no amulet)
Stlth  ++........               (no ring)
                                (no ring)

@: flying, not resistant to hostile enchantments, unstealthy
A: claws 1, fangs 2, hooves 1, blurry vision 1, regeneration 1, magic shield,
antimagic bite, no device heal 3, rot immunity
a: no special abilities


You were on level 2 of the Dungeon.
You were not hungry.

You visited 1 branch of the dungeon, and saw 2 of its levels.

You collected 18 gold pieces.

Inventory:

Hand Weapons
 g - a +0 club
 j - a +0 whip
Missiles
 a - 35 arrows
 e - 58 sling bullets
 m - 13 stones (quivered)
Armour
 b - a +0 robe (worn)
 h - a +0 pair of boots
 o - a +0 leather armour
Jewellery
 n - an uncursed ring of wizardry {unknown}
Scrolls
 i - 2 scrolls of remove curse {unknown}
 q - a scroll of teleportation {unknown}
 r - a scroll of recharging {unknown}
Books
 c - a book of Changes

   Spells                             Type                      Level
   a - Beastly Appendage              Transmutation                1
   b - Sticks to Snakes               Transmutation                2
   c - Spider Form                    Transmutation/Poison         3
   d - Ice Form                       Ice/Transmutation            4
   e - Blade Hands                    Transmutation                5
Comestibles
 d - 2 bread rations
 k - a slice of pizza


   Skills:
 - Level 1.0 Fighting
 - Level 1.6 Dodging
 + Level 2.7 Stealth
 + Level 3.9 Unarmed Combat
 - Level 2.1 Spellcasting
 - Level 2.0 Transmutations


You had 5 spell levels left.
You knew the following spells:

 Your Spells              Type           Power        Failure   Level  Hunger
a - Beastly Appendage     Trmt           #.....       12%         1    ##.....


Dungeon Overview and Level Annotations

Branches:
Dungeon (2/15)

Altars:


Innate Abilities, Weirdness & Mutations

You have extremely sharp teeth.
Your natural rate of healing is unusually fast.
When hurt, damage is shared between your health and your magic reserves.
Your bite disrupts and absorbs the magic of your enemies.
Potions and wands cannot restore your health.
You are immune to rotting.
You have sharp fingernails.
You have large cloven feet.
Scrolls take you a little longer to read.


Message History

The bat hits you but does no damage. The bat closely misses you.
You see here a stone.
You feel sick. The bat hits you but does no damage.
The bat completely misses you. The adder bites you but does no damage.
The bat hits you but does no damage.
You see here a stone.
The bat hits you but does no damage. The adder closely misses you.
You feel sick. The bat hits you.
* * * LOW HITPOINT WARNING * * *
The bat barely misses you. The bat misses you. The adder bites you.
The bat hits you.
* * * LOW HITPOINT WARNING * * *
You feel sick.
You are no longer poisoned.
The bat misses you. The bat barely misses you. The adder bites you.
You die...

#......(..<........#
#..........###.....+
#..................#
#...................
#..............##..#
#........#####.# #.#
#........# .# ..
#..S.b...#
#..@.....#
#........#
###.###### #.# #..
#.. #.. #...


You could see an adder and a bat.

Vanquished Creatures
  An adder (D:2)
  An ooze (D:1)
  A worm (D:2)
  2 dart slugs (D:1)
  A giant cockroach (D:1)
  4 goblins (D:1)
  4 hobgoblins (D:2)
  2 jackals (D:2)
  A ball python (D:2)
  5 bats
  2 giant newts
  4 kobolds (D:1)
  3 rats
31 creatures vanquished.

Notes
Turn   | Place    | Note
--------------------------------------------------------------
     0 | D:1      | plasmid the Vine Stalker Transmuter began the quest for the Orb.
     0 | D:1      | Reached XP level 1. HP: 9/9 MP: 4/4
    31 | D:1      | Reached skill level 1 in Fighting
   123 | D:1      | Reached skill level 1 in Stealth
   124 | D:1      | Reached XP level 2. HP: 14/14 MP: 6/6
   322 | D:1      | Reached XP level 3. HP: 17/18 MP: 5/7
   414 | D:1      | You fall through a shaft!
   946 | D:2      | Gained mutation: Scrolls take you a little longer to read. [potion of mutation]
   946 | D:2      | Gained mutation: You have large cloven feet. [potion of mutation]
   946 | D:2      | Gained mutation: You have sharp fingernails. [potion of mutation]
   963 | D:2      | Slain by an adder

Skill      XL: |  1  2 |
---------------+-------+-----
Fighting       | 1 |  1.0
Stealth        | 1 2 |  2.7
Dodging        | |  1.6
Unarmed Combat | |  3.9
Spellcasting   | |  2.1
Transmutations | |  2.0

Action                   || total
-------------------------++-------
Melee: Unarmed           ||   103
       Bite              ||    20
       Kick              ||     6
       Headbutt          ||     4
       Punch             ||     1
Throw: Stone             ||    17
 Cast: Beastly Appendage ||     7
  Use: Potion            ||     2
 Stab: Sleeping          ||     1
Armor: Robe              ||    44
Dodge: Dodged            ||   136
